Map: [TLMC15] Hardwire

Players

Maru - Winner!

  • Race: Terran Terran

RagnaroK (SHIN)

  • Race: Zerg Zerg

Event: DreamHack SC2 Masters Last Chance 2022

VOD

Have the link to the VOD?

Description

Time

  • Played on: Jan. 12, 2022, 8:20 a.m.
  • Length: 18:41

All games in this series

Show
View Real Time Build Order
Export as new Build Order

Maru Terran - Winner!

Build Orders: Reaper Expand, Mech 

Get SALT Encoding   

  12  0:00  SCV  
  13  0:12  SCV  
  14  0:17  Supply Depot  
  14  0:24  SCV  
  15  0:38  SCV  
  15  0:39  Barracks  
  16  0:43  Refinery  
  16  0:50  SCV  
  17  1:02  SCV  
  18  1:15  SCV  
  19  1:26  Reaper  
  19  1:27  Orbital Command  
  20  1:37  Command Center  
  20  1:50  Supply Depot  
  20  1:52  SCV  
  21  1:58  Marine  
  22  2:04  SCV  
  23  2:14  Factory  
  23  2:16  SCV  
  23  2:21  Barracks Reactor  
  24  2:28  SCV  
  25  2:40  SCV  
  25  2:43  Command Center  
  26  2:50  Orbital Command  
  26  2:53  SCV  
  27  3:00  Starport, Refinery  
  27  3:05  SCV  
  28  3:09  Hellion  
  28  3:10  Hellion  
  32  3:16  SCV  
  32  3:17  SCV  
  34  3:23  Refinery  
  34  3:28  SCV  
  34  3:29  SCV  
  36  3:37  Hellion x2, Viking  
  36  3:40  SCV  
  43  3:42  SCV  
  43  3:46  Barracks Tech Lab  
  44  3:52  SCV  
  44  3:54  SCV  
  44  3:55  Fusion Core  
  47  4:04  SCV  
  47  4:06  Orbital Command  
  47  4:07  SCV  
  48  4:10  Hellion x2  
  48  4:16  SCV  
  53  4:17  Barracks Tech Lab  
  53  4:21  Supply Depot  
  53  4:22  SCV  
  54  4:28  SCV  
  55  4:31  Refinery  
  55  4:33  Hellion x2  
  55  4:34  Supply Depot  
  55  4:36  Orbital Command  
  55  4:37  SCV  
  60  4:46  SCV  
  60  4:48  Battlecruiser  
  67  4:53  SCV  
  67  4:58  SCV  
  69  5:02  Supply Depot  
  69  5:04  Hellion x2  
  69  5:06  SCV x2  
  69  5:07  Supply Depot  
  75  5:10  SCV  
  76  5:15  Factory  
  76  5:16  Factory  
  76  5:18  SCV  
  77  5:23  SCV  
  77  5:24  Supply Depot  
  77  5:25  Supply Depot, SCV  
  79  5:30  Hellion x2  
  79  5:31  SCV  
  84  5:35  SCV  
  84  5:36  Supply Depot  
  84  5:39  Armory  
  84  5:42  Armory  
  85  5:43  SCV  
  85  5:47  SCV  
  85  5:48  SCV  
  88  5:50  Supply Depot  
  88  6:02  SCV  
  88  6:04  SCV  
  90  6:05  SCV  
  90  6:11  Hellion x2  
  89  6:14  SCV  
  89  6:16  SCV  
  89  6:18  SCV  
  85  6:20  Battlecruiser  
  83  6:26  SCV  
  83  6:29  SCV  
  83  6:32  Hellion x2  
  89  6:33  Terran Vehicle Weapons Level 1, Terran Vehicle And Ship Armor Level 1  
  89  6:35  Factory Tech Lab  
  89  6:38  SCV  
  89  6:39  SCV  
  91  6:41  Hellion  
  91  6:43  SCV  
  90  6:50  SCV  
  90  6:51  SCV  
  90  6:53  Hellion, Siege Tank  
  97  6:55  SCV, Engineering Bay  
  97  6:56  Refinery  
  97  6:58  Refinery  
  90  7:01  Hellion  
  90  7:02  Siege Tank  
  90  7:03  SCV x2  
  90  7:07  SCV  
  92  7:13  Weapon Refit  
  92  7:15  Hellion, SCV x2  
  96  7:19  SCV  
  97  7:24  Battlecruiser  
  97  7:26  Siege Tank  
  97  7:27  SCV x2  
  108  7:31  SCV  
  109  7:38  Command Center  
  109  7:39  Supply Depot, Siege Tank  
  109  7:40  SCV  
  109  7:42  SCV  
  114  7:53  Missile Turret, SCV  
  114  7:55  Infernal Pre-Igniter  
  114  7:56  Missile Turret, Supply Depot  
  115  7:59  SCV  
  115  8:01  SCV  
  115  8:02  Factory  
  115  8:03  Factory  
  115  8:05  SCV  
  118  8:06  Hellion, Siege Tank  
  118  8:12  SCV  
  124  8:13  Missile Turret, SCV  
  124  8:17  SCV  
  126  8:22  Hellion, Siege Tank  
  126  8:23  Missile Turret  
  126  8:24  SCV  
  126  8:25  SCV  
  133  8:29  SCV  
  134  8:36  Missile Turret, SCV  
  134  8:37  Missile Turret, SCV  
  134  8:38  Siege Tank  
  135  8:41  SCV  
  135  8:43  Hellion  
  135  8:44  Hellion  
  135  8:47  Factory Reactor, Factory Tech Lab  
  136  8:51  SCV  
  136  8:54  SCV, Siege Tank  
  137  8:57  Missile Turret  
  137  9:00  Missile Turret x2  
  137  9:01  SCV  
  137  9:02  Supply Depot x2, Sensor Tower, Missile Turret  
  138  9:09  Terran Vehicle Weapons Level 2, Command Center  
  138  9:10  Siege Tank  
  138  9:13  Terran Vehicle And Ship Armor Level 2  
  138  9:16  Siege Tank  
  144  9:26  Refinery  
  144  9:27  Planetary Fortress  
  144  9:30  Hellion, Siege Tank  
  144  9:31  Hellion  
  151  9:36  Supply Depot  
  151  9:37  Supply Depot x3  
  151  9:38  Mag-Field Accelerator  
  151  9:41  Missile Turret  
  151  9:44  Sensor Tower  
  145  9:55  Refinery  
  145  9:56  Supply Depot x2, Missile Turret x2  
  145  9:58  Siege Tank  
  148  10:07  Missile Turret  
  148  10:08  Missile Turret  
  148  10:10  Cyclone x2  
  148  10:11  Hellion x2, SCV  
  159  10:17  Command Center  
  159  10:27  Factory  
  159  10:29  Factory x2  
  159  10:30  Sensor Tower, Cyclone  
  159  10:31  Hellion x2  
  166  10:45  Missile Turret  
  166  10:46  Missile Turret x2, Sensor Tower  
  166  10:49  Hellion x2  
  176  10:50  Missile Turret  
  176  10:55  SCV  
  176  10:58  Refinery  
  176  11:02  Planetary Fortress  
  176  11:05  Hellion x6  
  176  11:06  Refinery  
  176  11:07  Thor  
  176  11:08  Thor  
  176  11:09  Thor  
  188  11:15  Factory Tech Lab x2  
  188  11:16  Factory Reactor  
  188  11:20  Refinery  
  188  11:28  Smart Servos  
  188  11:29  Terran Vehicle Weapons Level 3  
  188  11:34  Command Center  
  188  11:41  Command Center  
  188  11:42  Terran Vehicle And Ship Armor Level 3  
  188  11:52  Thor  
  186  12:05  Planetary Fortress  
  186  12:12  Ghost Academy, Barracks x3  
  186  12:17  Refinery  
  186  12:20  Refinery  
  185  12:23  Thor  
  185  12:24  Thor  
  193  12:30  Thor  
  189  12:45  Thor  
  189  12:46  Hellion x2, Barracks Tech Lab  
  189  12:47  Personal Cloaking  
  189  12:51  Missile Turret  
  197  12:53  Missile Turret x2  
  197  12:54  Command Center  
  197  12:56  Neosteel Armor  
  197  12:59  Barracks Tech Lab  
  197  13:05  Barracks Tech Lab  
  197  13:06  Barracks Tech Lab  
  197  13:12  Hellion  
  199  13:38  Thor  
  182  13:49  Cyclone x2  
  182  13:53  Siege Tank  
  182  13:54  Hellion x3, Siege Tank  
  187  13:59  Hellion x2  
  185  14:07  Hellion  
  187  14:11  Terran Ship Weapons Level 1  
  187  14:12  Enhanced Shockwaves  
  187  14:15  Hellion  
  187  14:16  Orbital Command  
  189  14:19  Ghost x2  
  189  14:20  Command Center, Ghost x2  
  197  14:24  Raven  
  199  14:48  Marine  
  198  14:53  Terran Infantry Armor Level 1  
  198  14:56  Engineering Bay  
  196  15:01  Ghost x2  
  196  15:06  Ghost x2  
  192  15:08  Siege Tank x2  
  200  15:17  Medivac  
  200  15:21  Siege Tank  
  198  15:30  Ghost  
  198  15:35  Terran Infantry Weapons Level 1  
  196  15:43  Command Center  
  196  15:46  Command Center  
  196  15:47  Raven  
  196  15:49  Siege Tank x2  
  175  15:50  Hellion x3, Siege Tank x2, Ghost  
  175  15:51  Hellion, Ghost x2  
  174  15:58  Ghost  
  175  16:10  Thor  
  168  16:19  Ghost x2  
  168  16:21  Ghost, Thor  
  168  16:22  Planetary Fortress  
  168  16:23  Thor  
  163  16:30  Medivac, Ghost  
  154  16:37  Hellion x2, Siege Tank  
  148  16:48  Ghost  
  148  16:53  Siege Tank  
  145  17:00  Battlecruiser  
  148  17:04  Hellion, Siege Tank  
  148  17:06  Siege Tank  
  149  17:09  Siege Tank  
  149  17:10  Factory  
  149  17:12  Ghost x2  
  149  17:13  Hellion x3  
  162  17:23  Missile Turret  
  162  17:24  Missile Turret  
  162  17:25  Siege Tank  
  162  17:26  Missile Turret x2  
  162  17:28  SCV x3  
  167  17:33  Orbital Command  
  167  17:36  Siege Tank  
  170  17:39  Siege Tank  
  170  17:41  Siege Tank, Sensor Tower  
  176  17:57  Siege Tank  
  181  18:09  Siege Tank  
  190  18:14  Hellbat x2  
Show
View Real Time Build Order
Export as new Build Order

RagnaroK Zerg 

Build Orders: Hatch First, Brood Lord Corruptor 

Get SALT Encoding   

  12  0:00  Drone  
  13  0:12  Overlord  
  13  0:16  Drone  
  14  0:30  Drone x2  
  14  0:35  Drone  
  17  0:51  Hatchery  
  17  0:56  Drone  
  17  0:58  Drone  
  18  1:12  Spawning Pool  
  18  1:14  Drone  
  18  1:19  Drone  
  19  1:28  Drone  
  19  1:30  Extractor  
  19  1:39  Drone  
  20  1:49  Drone  
  21  2:01  Zergling x2  
  22  2:03  Queen x2  
  22  2:04  Zergling x2  
  27  2:12  Overlord  
  27  2:14  Drone  
  28  2:22  Hatchery  
  27  2:26  Drone  
  28  2:31  Drone  
  28  2:32  Drone  
  28  2:36  Drone  
  30  2:44  Queen  
  30  2:48  Metabolic Boost  
  32  2:51  Overlord  
  32  2:55  Drone  
  32  2:56  Drone  
  32  2:58  Drone  
  35  3:10  Overlord  
  35  3:11  Drone  
  36  3:16  Drone  
  36  3:18  Drone  
  39  3:20  Drone x3  
  39  3:21  Queen  
  43  3:29  Drone x2  
  43  3:32  Queen  
  47  3:36  Queen  
  47  3:40  Drone  
  50  3:45  Drone x3  
  53  3:52  Drone x4  
  57  4:00  Queen, Extractor, Overlord  
  58  4:03  Overlord  
  58  4:07  Overlord x2  
  58  4:11  Overlord  
  58  4:16  Overlord  
  58  4:21  Drone x2, Overlord  
  58  4:22  Drone x2  
  62  4:27  Queen  
  62  4:30  Zergling x4  
  66  4:34  Zergling x6  
  66  4:35  Zergling x2  
  66  4:36  Baneling Nest  
  69  4:39  Drone x2  
  69  4:40  Drone  
  69  4:41  Drone  
  69  4:45  Queen  
  75  4:46  Drone  
  75  4:48  Drone x2  
  75  4:51  Drone  
  75  4:52  Drone  
  80  4:56  Lair  
  80  4:58  Drone  
  80  4:59  Drone, Extractor  
  80  5:00  Drone  
  80  5:06  Spore Crawler  
  80  5:08  Queen, Spore Crawler x2  
  80  5:10  Drone x2  
  80  5:13  Overlord  
  83  5:14  Drone  
  83  5:16  Drone x2  
  83  5:18  Extractor  
  83  5:19  Zergling x4  
  86  5:23  Queen  
  88  5:29  Drone x6  
  88  5:31  Drone  
  88  5:32  Drone  
  88  5:33  Extractor  
  95  5:41  Drone x4, Evolution Chamber  
  98  5:44  Evolution Chamber  
  98  5:46  Baneling  
  98  5:48  Drone  
  98  5:49  Extractor  
  97  5:54  Zergling x2  
  97  5:55  Zergling x8  
  102  5:57  Hatchery  
  102  6:00  Zergling x10  
  103  6:10  Zergling x2, Evolution Chamber  
  103  6:11  Zergling x10  
  98  6:16  Drone  
  96  6:22  Zerg Ground Armor Level 1, Spire, Zerg Melee Weapons Level 1  
  96  6:24  Drone  
  96  6:26  Drone  
  96  6:27  Drone  
  94  6:33  Drone x4  
  94  6:37  Drone  
  94  6:39  Drone  
  100  6:40  Roach Warren  
  100  6:45  Overlord  
  100  6:46  Overlord  
  95  6:50  Drone x4  
  95  6:53  Drone  
  96  6:57  Drone  
  96  6:58  Drone  
  96  6:59  Overlord  
  96  7:00  Overlord  
  97  7:04  Drone x2  
  97  7:07  Extractor  
  95  7:12  Drone  
  95  7:13  Drone  
  97  7:20  Zergling x6  
  100  7:30  Glial Reconstitution  
  100  7:34  Corruptor x8, Extractor  
  115  7:37  Drone  
  116  7:46  Drone x3  
  116  7:47  Overlord  
  116  7:49  Corruptor x2  
  123  7:59  Zergling x2, Roach x6  
  123  8:02  Overlord  
  134  8:06  Overlord  
  134  8:07  Zergling x12  
  140  8:17  Overlord x2  
  140  8:21  Corruptor x3  
  146  8:28  Zerg Missile Weapons Level 1  
  146  8:29  Zergling x12  
  150  8:38  Zergling x18  
  150  8:43  Roach x3  
  150  8:48  Roach x3  
  161  8:50  Overlord  
  161  8:52  Overlord  
  160  8:59  Roach x4  
  160  9:02  Overlord  
  168  9:07  Roach, Overlord  
  168  9:08  Roach, Overlord  
  172  9:12  Ravager x7  
  172  9:15  Roach x2  
  182  9:19  Roach x2  
  186  9:26  Hatchery  
  186  9:28  Drone  
  186  9:29  Infestation Pit  
  186  9:31  Roach x2  
  189  9:33  Drone x2  
  189  9:36  Extractor  
  189  9:38  Roach x3  
  186  9:52  Drone x5  
  179  9:54  Zerg Ground Armor Level 2  
  179  9:58  Drone x3  
  179  9:59  Centrifugal Hooks  
  182  10:01  Roach x2  
  182  10:02  Roach x3  
  188  10:15  Drone x4  
  188  10:16  Drone x2, Hive  
  191  10:30  Overlord  
  191  10:36  Ravager  
  191  10:37  Ravager x4  
  191  10:40  Zerg Melee Weapons Level 2  
  191  10:42  Extractor  
  193  10:44  Drone  
  193  10:45  Extractor  
  188  11:02  Spore Crawler  
  187  11:04  Spine Crawler  
  186  11:13  Hatchery  
  186  11:15  Corruptor x2  
  186  11:17  Ravager x2  
  186  11:18  Zergling x18  
  200  11:21  Spine Crawler  
  200  11:23  Spine Crawler  
  198  11:29  Adrenal Glands  
  198  11:30  Pathogen Glands  
  198  11:41  Greater Spire  
  193  11:55  Drone x2  
  193  11:59  Spore Crawler  
  193  12:00  Spore Crawler  
  186  12:10  Zerg Missile Weapons Level 2  
  186  12:11  Pneumatized Carapace  
  186  12:14  Spore Crawler  
  185  12:15  Spore Crawler  
  185  12:16  Spore Crawler x2  
  176  12:24  Zergling x6, Roach x5  
  174  12:53  Brood Lord x8  
  174  12:54  Corruptor x4  
  198  13:00  Zerg Melee Weapons Level 3  
  198  13:08  Corruptor  
  199  13:13  Zerg Flyer Weapons Level 1  
  197  13:22  Corruptor x3  
  146  13:59  Roach x7  
  146  14:00  Roach  
  151  14:03  Zergling x2, Roach  
  151  14:04  Zergling x16  
  151  14:05  Infestor x7  
  176  14:15  Drone x5  
  176  14:16  Drone x3  
  180  14:17  Drone x2  
  180  14:18  Drone x4  
  180  14:19  Neural Parasite  
  180  14:21  Drone, Burrow  
  180  14:22  Drone x4, Viper  
  180  14:23  Ravager x4  
  198  14:32  Drone  
  198  14:34  Ultralisk Cavern  
  198  14:46  Baneling x15  
  198  14:56  Extractor  
  198  14:57  Spine Crawler  
  198  14:58  Extractor  
  194  15:00  Spine Crawler  
  182  15:08  Roach x2  
  182  15:09  Roach x2  
  182  15:12  Ravager x2  
  182  15:13  Ravager x2  
  182  15:14  Zergling x12, Roach x2  
  195  15:21  Roach x4, Spore Crawler  
  179  15:46  Roach x16  
  179  15:49  Zergling x2, Roach  
  181  15:50  Roach x15  
  181  15:55  Zergling x32, Roach  
  196  16:07  Roach x2  
  196  16:10  Drone x2  
  196  16:11  Drone x2  
  199  16:17  Zergling x30, Roach  
  178  16:24  Roach x3  
  167  16:27  Ravager x8  
  167  16:29  Roach x3  
  178  16:36  Roach x2  
  166  16:41  Roach x4  
  166  16:42  Roach  
  166  16:43  Roach  
  166  16:48  Roach x2  
  166  16:49  Roach  
  166  16:50  Roach  
  168  16:56  Roach x2  
  169  17:01  Roach x3  
  169  17:02  Roach  
  169  17:06  Zergling x2  
  160  17:08  Infestor  
  160  17:09  Infestor  
  163  17:21  Roach x7  
  163  17:29  Hatchery  
  162  17:30  Roach x3  
  162  17:31  Zergling x2  
  162  17:32  Zergling x2  
  165  17:48  Infestor x3  
  171  17:56  Ravager x3  
  174  18:00  Ravager  
  174  18:01  Ravager, Zergling x6  
  174  18:02  Zergling x22  
  190  18:08  Ravager x2  
  190  18:12  Zergling x2, Roach x3  
  195  18:13  Zergling x2  
  194  18:20  Roach x3  
  194  18:23  Baneling x8  

Tags
 
Add a new tag
Caveats
  • Supply blocks, unpowered buildings, or Contaminate may cause inaccurate times.
  • Supply counts are checked every 10 seconds.